 Dungeon Crawl Stone Soup version bcrawl-1.21.3 (webtiles) character file.

Game seed: 5930345540819990013

1262 Flugslaktarn the Skirmisher (level 8, -5/52 HPs)
             Began as a Skeleton Archaeologist on Mar 30, 2020.
             Slain by Pikel
             ... wielding a +0 whip of electrocution
              (13 damage)
             ... on level 4 of the Dungeon.
             The game lasted 00:04:17 (4989 turns).

Flugslaktarn the Skirmisher (SkAc)                  Turns: 4989, Time: 00:04:18

Health: -5/52      AC: 16    Str: 21    XL:     8   Next: 27%
Magic:  0/8        EV:  9    Int: 12    God:
Gold:   1760       SH:  2    Dex:  7    Spells: 7/7 levels left

rFire    . . .     SeeInvis .   o - +0 flail
rCold    + . .     Gourm    .   k - +0 buckler
rNeg     + + +     Faith    .   i - +0 chain mail
rPois    ∞         Spirit   +   a - +0 helmet
rElec    .         Reflect  .   (no cloak)
rCorr    .         Harm     .   h - +1 pair of gloves
MR       +....                  d - +2 pair of boots
Stlth    ..........             e - amulet of regeneration
HPRegen  0.57/turn              (no ring)
MPRegen  0.11/turn              (no ring)

@: no status effects
A: no food or potions, cold resistance 1, deterioration 1, negative energy
resistance 3, powered by death 1, torment resistance, unbreathing, magic shield,
sturdy frame 1, spell healing
a: no special abilities


You were on level 4 of the Dungeon.
You were not hungry.

You visited 1 branch of the dungeon, and saw 7 of its levels.

You collected 1760 gold pieces.

Inventory:

Hand Weapons
 f - a +0 hand axe
   (You found it on level 4 of the Dungeon)
 o - a +0 flail (weapon)
   (You took it off an orc on level 3 of the Dungeon)
Armour
 a - a +0 helmet (worn)
   (You found it on level 3 of the Dungeon)
 d - a +2 pair of boots (worn)
 h - a +1 pair of gloves (worn)
   (You found it on level 1 of the Dungeon)
 i - a +0 chain mail (worn)
   (You found it on level 1 of the Dungeon)
 k - a +0 buckler (worn)
   (You found it on level 1 of the Dungeon)
Jewellery
 e - an amulet of regeneration (around neck)
   (You found it on level 1 of the Dungeon)
Scrolls
 j - 2 scrolls of magic mapping
 n - a scroll of enchant weapon {unknown}
 r - 2 scrolls of identify
 x - a scroll of remove curse


   Skills:
 + Level 6.5 Fighting
 * Level 6.2(6.3) Axes
 - Level 1.2(4.1) Maces & Flails
 + Level 5.6 Armour
 - Level 3.0 Dodging
 - Level 3.6 Stealth


You had 7 spell levels left.
You didn't know any spells.
Your spell library was empty.

Dungeon Overview and Level Annotations

Branches:
Dungeon (7/12)
 Temple: D:4-7         Lair: D:7-9

Altars:
Dithmenos
Qazlal
Sif Muna
Trog
Uskayaw
Wu Jian
Xom

Shops:
D:7 }

Annotations:
D:4 Pikel


Innate Abilities, Weirdness & Mutations

You do not eat or drink.
You are immune to poison.
Your flesh is cold resistant. (rC+)
Your body sometimes deteriorates upon taking damage.
You are immune to negative energy. (rN+++)
You regenerate a little health from kills.
You are immune to unholy pain and torment.
You can survive without breathing.
When hurt, damage is shared between your health and your magic reserves.
Your movements are slightly less encumbered by armour. (ER -2)
Casting spells heals you.


Message History

Pikel is moderately wounded.
Pikel hits you but does no damage.
You are electrocuted!
Pikel hits you but does no damage.
You sock Pikel!
Pikel is heavily wounded.
Pikel closely misses you.
You barely miss Pikel.
Pikel is heavily wounded.
Pikel hits you but does no damage.
You are electrocuted!
You hit Pikel.
Pikel is severely wounded.
Pikel cracks his whip.
You block Pikel's attack.
You barely miss Pikel.
Pikel is severely wounded.
Pikel hits you with a +0 whip of electrocution.
You are electrocuted!
* * * LOW HITPOINT WARNING * * *
Pikel hits you but does no damage.
You are electrocuted!
You die...

...p...# #K# .......#
#.#
.....p.######.########
.......#......)opp...#
.......>....#.######p#
.......#.##.#....# #.#
.......#.##.####.# #p#
.......#.##.# #.# #.#
.......#.##.# #@###.##
.......#.##.# ###Kppo.#
########.##.###8#######
#.##.#._._.#
#....##...##
####.##≈.≈# #..##'##
##....# ######


You could see Pikel, 2 slaves and an orc wizard.

Vanquished Creatures
  Sigmund (D:5)
  Eustachio (D:5)
  Menkaure (D:5)
  A sky beast (D:5)
  2 slaves (D:4)
  A phantom (D:5)
  A centaur (D:5)
  3 crimson imps
  2 hounds
  A bullfrog skeleton (D:6)
  3 orc priests
  An orc wizard (D:4)
  3 worker ants
  A worker ant zombie (D:3)
  5 adders
  An ooze (D:1)
  An adder skeleton (D:4)
  An adder zombie (D:5)
  5 worms
  4 dart slugs
  7 leopard geckos
  19 orcs
  4 bats
  2 giant cockroaches
  2 goblins
  14 hobgoblins
  8 jackals
  5 quokkas
  3 frilled lizards
  12 kobolds
  10 rats
125 creatures vanquished.

Notes
Turn   | Place    | Note
-------+----------+-------------------------------------------
     0 | D:1      | Flugslaktarn the Skeleton Archaeologist began the quest for
                  | the Orb.
     0 | D:1      | Reached XP level 1. HP: 12/12 MP: 1/1
   416 | D:1      | Reached XP level 2. HP: 17/17 MP: 2/2
   881 | D:1      | Reached XP level 3. HP: 23/23 MP: 3/3
   910 | D:1      | Found a shimmering altar of Xom.
  1127 | D:2      | Found an ornate altar of the Wu Jian Council.
  1600 | D:2      | Reached XP level 4. HP: 24/29 MP: 4/4
  2025 | D:3      | Reached skill level 1 in Armour
  2185 | D:3      | Reached XP level 5. HP: 34/34 MP: 5/5
  2185 | D:3      | Identified a scroll of acquirement
  2372 | D:3      | Found a shadowy altar of Dithmenos.
  2535 | D:3      | Reached skill level 5 in Fighting
  2594 | D:3      | Gained mutation: You regenerate a little health from kills.
                  | [Skeleton growth]
  2594 | D:3      | Reached XP level 6. HP: 38/40 MP: 3/6
  3018 | D:4      | Identified the -4 pair of boots of Oromu {-Cast rPois rF+}
                  | (You acquired it on level 4 of the Dungeon)
  3205 | D:4      | Found a bloodstained altar of Trog.
  3206 | D:4      | Found a stormy altar of Qazlal.
  3252 | D:4      | HP: 1/40 [orc wizard/magic dart (2)]
  3254 | D:4      | Reached skill level 1 in Axes
  3258 | D:4      | HP: 1/40 [orc wizard/magic dart (4)]
  3263 | D:4      | You fall into a shaft and drop 3 floors!
  3339 | D:7      | Found Gaucesesh's Gadget Boutique.
  3351 | D:7      | Noticed an orc warrior
  3463 | D:6      | Noticed a hippogriff
  3476 | D:6      | Noticed a gargoyle
  3500 | D:5      | Entered Level 5 of the Dungeon
  3565 | D:5      | Noticed Sigmund
  3580 | D:5      | Killed Sigmund
  3580 | D:5      | Reached XP level 7. HP: 41/45 MP: 5/7
  3734 | D:5      | Found a hide-covered altar of Uskayaw.
  3738 | D:5      | Found a shimmering blue altar of Sif Muna.
  3911 | D:5      | Noticed Eustachio
  4091 | D:5      | Killed Eustachio
  4091 | D:5      | Reached skill level 5 in Armour
  4239 | D:5      | Noticed Menkaure
  4247 | D:5      | Killed Menkaure
  4247 | D:5      | Reached skill level 5 in Axes
  4321 | D:5      | Reached XP level 8. HP: 50/51 MP: 6/8
  4802 | D:4      | Noticed Pikel
  4989 | D:4      | Slain by Pikel

Skill      XL: |  1  2  3  4  5  6  7  8 |
---------------+-------------------------+-----
Fighting       | 2 3 4 5 6 |  6.5
Armour         | 2 3 4 5 |  5.6
Axes           | 3 5 6 |  6.2
Maces & Flails | |  1.2
Dodging        | |  3.0
Stealth        | |  3.6

Action                   |  1- 3 |  4- 6 |  7- 9 || total
-------------------------+-------+-------+-------++-------
Melee: Whip              |   376 |    42 |       ||   418
       Flail             |       |   265 |   381 ||   646
  Use: Scroll            |       |     8 |       ||     8
 Stab: Sleeping          |     2 |       |       ||     2
Armor: Robe              |     7 |       |       ||     7
       Chain mail        |   272 |   242 |   384 ||   898
Dodge: Dodged            |   216 |   183 |   230 ||   629
Block: Buckler           |    25 |    40 |    43 ||   108
